 Dungeon Crawl Stone Soup version 0.31-a0-150-g89dc3ad700 (webtiles) character file.

Game seed: 16497199338139110373

10925 qw the Skirmisher (level 11, -5/101 HPs)
             Began as a Minotaur Hunter on June 8, 2023.
             Was an Elder of Okawaru.
             Slain by a wolf (10 damage)
             ... on level 1 of the Lair of Beasts.
             The game lasted 00:03:04 (9514 turns).

qw the Skirmisher (Minotaur Hunter)                 Turns: 9514, Time: 00:03:05

Health: -5/101     AC: -4    Str: 15    XL:     11   Next: 42%
Magic:  14/14      EV: 20    Int:  6    God:    Okawaru [****..]
Gold:   357        SH:  5    Dex: 19    Spells: 10/10 levels left

rFire   . . .        a - +8 sling "Concordance" {freeze, rPois rN++ SInv}
rCold   + . .        (no shield)
rNeg    + + +        n - +1 leather armour {rC+}
rPois   +            (helmet restricted)
rElec   .            k - +0 cloak
rCorr   .            (no gloves)
SInv    +            m - +0 pair of boots
Will    .....        e - amulet of reflection
Stlth   +++          p - ring of positive energy
HPRegen 0.36/turn    (no ring)
MPRegen 0.14/turn

%: reflection
@: heroic, corroded
A: horns 2, retaliatory headbutt
a: Renounce Religion, Heroism, Finesse


You were on level 1 of the Lair of Beasts.
You worshipped Okawaru.
Okawaru was greatly pleased with you.
You visited 3 branches of the dungeon, and saw 12 of its levels.

You collected 760 gold pieces.
You spent 403 gold pieces at shops.


Innate Abilities, Weirdness & Mutations

You have a pair of horns on your head.
You reflexively headbutt those who attack you in melee.


   Skills:
 + Level 10.4(15.4) Fighting
 - Level 14.4(19.4) Ranged Weapons
 - Level 3.4(8.4) Armour
 - Level 8.0(13.0) Dodging
 - Level 0.7(5.7) Stealth
 + Level 6.3 Invocations


You had 10 spell levels left.
You didn't know any spells.
Your spell library was empty.

Inventory:

Hand Weapons
 a - the +8 sling "Concordance" (weapon) {freeze, rPois rN++ SInv}
   (You acquired it on level 1 of the Dungeon)

   rPois:     It protects you from poison.
   rN:        It greatly protects you from negative energy.
   SInv:      It lets you see invisible.
 o - a +1 orcbow of draining
Armour
 k - a +0 cloak (worn)
 m - a +0 pair of boots (worn)
 n - a +1 leather armour of cold resistance (worn)
Jewellery
 b - a ring of ice
 c - a ring of fire
 e - an amulet of reflection (around neck)
 g - a ring of ice
 p - a ring of positive energy (left hand)
 s - a ring of see invisible
Wands
 r - a wand of digging (6)
Scrolls
 f - 2 scrolls of identify
 q - 2 scrolls of enchant weapon
Potions
 h - 4 potions of curing
 i - a potion of might
 j - 3 potions of resistance
 l - a potion of invisibility {unknown}

Dungeon Overview and Level Annotations

Branches:
Dungeon (10/15)            Temple (1/1) D:5            Lair (1/5) D:10
    Orc: D:9-12

Altars:
Ashenzari
Cheibriados
Dithmenos
Elyvilon
Fedhas
Gozag
Hepliaklqana
Kikubaaqudgha
Makhleb
Nemelex Xobeh
Okawaru
Qazlal
Ru
Sif Muna
Trog
Uskayaw
Vehumet
Wu Jian
Xom
Yredelemnul
Zin
The Shining One

Shops:
D:10 *

Annotations:
D:6 1 runed translucent door, qw's ghost, novice GrFi
Lair:1 exclusion: oklob plant


Message History

You start resting.
Your surroundings suddenly seem different. 2 wolves come into view.
Found a stone staircase leading down.
You shoot a sling bullet. The sling bullet hits the wolf.
The sling bullet freezes the wolf.
The wolf howls!
The wolf is moderately wounded.
You hear a howl!
You shoot a sling bullet. The wolf howls!
The sling bullet hits the wolf!
The sling bullet freezes the wolf.
The wolf is severely wounded.
A wolf comes into view. x2
You shoot a sling bullet.
The sling bullet completely misses the wolf.
The wolf howls!
The sling bullet hits the wolf but does no damage.
You shoot a sling bullet. The sling bullet hits the wolf.
The sling bullet freezes the wolf.
You kill the wolf!
Okawaru accepts your kill.
You shoot a sling bullet. The sling bullet hits the wolf.
The sling bullet freezes the wolf.
The wolf is lightly wounded.
You shoot a sling bullet.
The sling bullet closely misses the wolf.
The sling bullet hits the wolf.
The sling bullet freezes the wolf.
The wolf is lightly wounded.
You shoot a sling bullet. The sling bullet hits the wolf.
The sling bullet freezes the wolf.
The wolf is heavily wounded.
The wolf bites you.
You shoot a sling bullet.
The sling bullet barely misses the wolf.
The wolf bites you! The wolf bites you.
You shoot a sling bullet.
The sling bullet barely misses the wolf.
The wolf bites you!
You die...

.........# ..#
..............######.#
.....................###
........................
........................
>.............#####..###
..............###.#..###
..............#........#
.......@......#.##.#.#.#
.^....hhh...............
........................
.......%................
........................
.......................>
........................
........................
.........


You could see 3 wolves.

Vanquished Creatures
  3 two-headed ogres
  Pikel (D:8)
  6 elephants (Lair:1)
  A cane toad (Lair:1)
  A troll (D:9)
  A wyvern (D:6)
  A wraith (D:9)
  7 yaks
  3 vampire mosquitoes (D:10)
  Edmund (D:4)
  4 water moccasins
  An acid dragon (D:10)
  A sky beast (D:6)
  An orc warrior (D:9)
  4 ice beasts
  6 black bears
  A wolf (Lair:1)
  An ogre (D:4)
  4 centaurs
  A phantom (D:6)
  A kobold brigand (D:10)
  4 bullfrogs
  A gnoll sergeant (D:7)
  4 scorpions
  3 wights (D:9)
  10 killer bees (D:9)
  5 howler monkeys
  An electric eel (Lair:1)
  3 hounds
  4 orc priests
  2 jellies (D:6)
  2 iguanas
  4 orc wizards
  3 sleepcaps
  14 gnolls
  An adder (D:3)
  A shadow imp (D:7)
  6 white imps
  An ufetubus (D:5)
  3 dart slugs
  14 orcs
  7 ball pythons
  4 endoplasms
  A giant cockroach (D:3)
  6 goblins
  10 hobgoblins
  A bat (D:2)
  2 frilled lizards (D:3)
  13 kobolds
  4 rats
184 creatures vanquished.

Notes
Turn   | Place    | Note
-------+----------+-------------------------------------------
     0 | D:1      | qw the Minotaur Hunter began the quest for the Orb.
     0 | D:1      | Reached XP level 1. HP: 18/18 MP: 0/0
     0 | D:1      | 0 ||| qw: Version: 0.2-a-119-g7aa9181
     0 | D:1      | 0 ||| qw: Game counter: 2903
     0 | D:1      | 0 ||| qw: Always use a shield: true
     0 | D:1      | 0 ||| qw: God list: Okawaru
     0 | D:1      | 0 ||| qw: Allow faded altars: false
     0 | D:1      | 0 ||| qw: Do Orc after D:15 true
     0 | D:1      | 0 ||| qw: Do second Lair branch before Depths: true
     0 | D:1      | 0 ||| qw: Lair rune preference: random
     0 | D:1      | 0 ||| qw: Plans: Normal
     0 | D:1      | 0 ||| PLANNING D:1-11
    93 | D:1      | Reached skill level 5 in Ranged Weapons
    93 | D:1      | Reached XP level 2. HP: 13/25 MP: 1/1
   471 | D:1      | Reached skill level 3 in Fighting
   472 | D:1      | Reached XP level 3. HP: 31/31 MP: 2/2
   771 | D:1      | 771 ||| READING scroll labelled GUNIH LAME.
   772 | D:1      | 772 ||| READING scroll labelled SYN TIWNUYTT.
   773 | D:1      | 773 ||| READING scroll labelled TUQYEBL WUMUEDA.
   774 | D:1      | 774 ||| READING scroll labelled SIRYSK PUOKHLUL.
   775 | D:1      | 775 ||| READING scroll labelled ZUNGYM BAULLY.
   775 | D:1      | Identified a scroll of acquirement
   775 | D:1      | 775 ||| ACQUIRING +8 sling "Concordance" {freeze, rPois
                  | rN++ SInv}
   775 | D:1      | Acquired the +8 sling "Concordance" {freeze, rPois rN++
                  | SInv}
   777 | D:1      | 777 ||| SWAPPING to +8 sling "Concordance" {freeze, rPois
                  | rN++ SInv}.
   778 | D:1      | 778 ||| DROPPING +1 shortbow.
   779 | D:1      | 779 ||| DROPPING scroll of butterflies.
  1817 | D:2      | 1817 ||| UPGRADING to +0 ring mail.
  1827 | D:2      | 1827 ||| DROPPING +0 leather armour.
  1828 | D:2      | 1828 ||| UPGRADING to amulet of reflection.
  1833 | D:2      | 1833 ||| READING scroll labelled RYQEUC KIMN.
  1834 | D:2      | 1834 ||| DRINKING 2 bubbling sapphire potions.
  1835 | D:2      | 1835 ||| READING 2 scrolls of identify.
  1835 | D:2      | 1835 ||| IDENTIFYING pink potion
  1959 | D:3      | Reached skill level 1 in Armour
  1975 | D:3      | Noticed a black bear
  1977 | D:3      | Killed a black bear
  1978 | D:3      | Reached skill level 6 in Ranged Weapons
  1978 | D:3      | Reached XP level 4. HP: 38/38 MP: 3/3
  1978 | D:3      | Reached XP level 5. HP: 45/45 MP: 4/4
  1986 | D:3      | Found a faded altar of an unknown god.
  2525 | D:3      | 2525 ||| UPGRADING to +0 pair of boots.
  2530 | D:3      | 2530 ||| READING scroll labelled ZOLENW FIST.
  2531 | D:3      | 2531 ||| READING scroll labelled FIOCLUROUCK.
  2532 | D:3      | 2532 ||| DRINKING 2 sapphire potions.
  2533 | D:3      | 2533 ||| READING 2 scrolls of identify.
  2533 | D:3      | 2533 ||| IDENTIFYING white potion
  2635 | D:4      | Noticed an ogre
  2638 | D:4      | Killed an ogre
  2639 | D:4      | Reached skill level 7 in Ranged Weapons
  2639 | D:4      | Reached XP level 6. HP: 52/52 MP: 5/5
  2754 | D:4      | 2754 ||| READING scroll of acquirement.
  2754 | D:4      | 2754 ||| ACQUIRING +1 orcbow of draining
  2754 | D:4      | Acquired a +1 orcbow of draining
  2768 | D:4      | 2768 ||| Stepping ~*~*~tactically~*~*~ (outnumbered).
  2978 | D:4      | Noticed Edmund
  2988 | D:4      | Killed Edmund
  2989 | D:4      | Reached skill level 8 in Ranged Weapons
  3011 | D:4      | Found a hazy altar of Hepliaklqana.
  3012 | D:4      | Found a faded altar of an unknown god.
  3147 | D:4      | 3147 ||| DROPPING amulet of the acrobat.
  3148 | D:4      | 3148 ||| READING scroll labelled CEJECRULECW.
  3149 | D:4      | 3149 ||| READING 3 scrolls of identify.
  3149 | D:4      | 3149 ||| IDENTIFYING green potion
  3150 | D:4      | 3150 ||| READING 2 scrolls of identify.
  3150 | D:4      | 3150 ||| IDENTIFYING purple potion
  3151 | D:4      | 3151 ||| DROPPING potion of magic.
  3152 | D:4      | 3152 ||| DROPPING potion of attraction.
  3177 | D:5      | Entered Level 5 of the Dungeon
  3257 | D:5      | Noticed an ice beast
  3268 | D:5      | Killed an ice beast
  3269 | D:5      | Reached XP level 7. HP: 60/61 MP: 6/6
  3347 | D:5      | Found a staircase to the Ecumenical Temple.
  3348 | D:5      | 3348 ||| PLANNING TEMPLE
  3353 | Temple   | Entered the Ecumenical Temple
  3366 | Temple   | 3366 ||| PLANNING OKAWARU WORSHIP
  3504 | Temple   | Became a worshipper of Warmaster Okawaru
  3504 | Temple   | 3504 ||| PLANNING D:1-11
  3547 | D:5      | Reached skill level 3 in Dodging
  3834 | D:5      | Found an ornate altar of the Wu Jian Council.
  3834 | D:5      | Found a sparkling altar of Nemelex Xobeh.
  3864 | D:5      | Reached skill level 9 in Ranged Weapons
  3935 | D:5      | Reached skill level 6 in Fighting
  3973 | D:5      | 3973 ||| READING 2 scrolls of identify.
  3973 | D:5      | 3973 ||| IDENTIFYING smoky inky potion
  3974 | D:5      | 3974 ||| DROPPING potion of degeneration.
  4005 | D:6      | Reached XP level 8. HP: 70/70 MP: 7/7
  4053 | D:6      | Reached * piety under Okawaru
  4182 | D:6      | Reached skill level 1 in Invocations
  4222 | D:6      | 4222 ||| INVOKING Heroism.
  4381 | D:6      | Reached skill level 10 in Ranged Weapons
  4427 | D:6      | Found a runed translucent door.
  4434 | D:6      | 4434 ||| INVOKING Heroism.
  4453 | D:6      | Noticed qw's ghost (novice GrFi)
  4552 | D:6      | 4552 ||| INVOKING Heroism.
  4555 | D:6      | Reached skill level 3 in Invocations
  4897 | D:6      | 4897 ||| UPGRADING to +0 cloak.
  4902 | D:6      | 4902 ||| UPGRADING to ring of positive energy.
  4903 | D:6      | 4903 ||| READING scroll labelled DIUMPU JYXIKAQ.
  4904 | D:6      | 4904 ||| READING scroll labelled AQAHISUZOA.
  4979 | D:6      | 4979 ||| READING scroll labelled ZUSMY USIMAO.
  5047 | D:7      | Reached skill level 3 in Armour
  5133 | D:7      | Reached XP level 9. HP: 79/79 MP: 11/11
  5260 | D:7      | 5260 ||| INVOKING Heroism.
  5342 | D:7      | Reached ** piety under Okawaru
  5409 | D:7      | Reached skill level 11 in Ranged Weapons
  5409 | D:7      | 5409 ||| INVOKING Heroism.
  5533 | D:7      | 5533 ||| INVOKING Heroism.
  5865 | D:7      | 5865 ||| UPGRADING to +1 leather armour of cold resistance.
  5875 | D:7      | 5875 ||| DROPPING +0 ring mail.
  5948 | D:8      | Found a stormy altar of Qazlal.
  6042 | D:8      | 6042 ||| INVOKING Heroism.
  6238 | D:8      | Noticed Pikel
  6239 | D:8      | 6239 ||| INVOKING Heroism.
  6246 | D:8      | Killed Pikel
  6247 | D:8      | Reached skill level 12 in Ranged Weapons
  6831 | D:8      | 6831 ||| DRINKING 2 bubbling pink potions.
  6832 | D:8      | 6832 ||| READING 2 scrolls of identify.
  6832 | D:8      | 6832 ||| IDENTIFYING coppery potion
  6833 | D:8      | 6833 ||| DROPPING potion of lignification.
  6834 | D:8      | 6834 ||| DROPPING potion of enlightenment.
  6915 | D:9      | 6915 ||| INVOKING Heroism.
  6920 | D:9      | HP: 16/81 [yak (8)]
  6921 | D:9      | 6921 ||| DRINKING potion of heal wounds.
  6924 | D:9      | Reached skill level 6 in Dodging
  6924 | D:9      | Reached XP level 10. HP: 42/88 MP: 9/12
  7245 | D:9      | Reached *** piety under Okawaru
  7249 | D:9      | Noticed a two-headed ogre
  7250 | D:9      | 7250 ||| INVOKING Heroism.
  7260 | D:9      | Killed a two-headed ogre
  7261 | D:9      | Reached skill level 13 in Ranged Weapons
  7266 | D:9      | HP: 12/88 [orc warrior/+1 scimitar of electrocution (18)]
  7573 | D:9      | Found a glowing silver altar of Zin.
  7574 | D:9      | 7574 ||| INVOKING Heroism.
  7613 | D:9      | Reached skill level 9 in Fighting
  7624 | D:9      | 7624 ||| INVOKING Heroism.
  7890 | D:9      | Found a blossoming altar of Fedhas.
  8166 | D:9      | 8166 ||| DROPPING +0 ring mail of cold resistance.
  8200 | D:10     | Entered Level 10 of the Dungeon
  8263 | D:10     | Noticed a two-headed ogre
  8264 | D:10     | 8264 ||| INVOKING Heroism.
  8275 | D:10     | Killed a two-headed ogre
  8276 | D:10     | Reached skill level 14 in Ranged Weapons
  8335 | D:10     | Found a glowing golden altar of the Shining One.
  8405 | D:10     | Noticed a two-headed ogre
  8406 | D:10     | 8406 ||| INVOKING Heroism.
  8412 | D:10     | Killed a two-headed ogre
  8492 | D:10     | Reached **** piety under Okawaru
  8567 | D:10     | Reached XP level 11. HP: 92/97 MP: 13/13
  8619 | D:10     | Found Zecedeis's Gadget Gallery.
  8624 | D:10     | 8624 ||| BUYING wand of digging (6) (403 gold).
  8624 | D:10     | Bought a wand of digging (6) for 403 gold pieces
  8748 | D:10     | Found a staircase to the Lair.
  8873 | D:10     | 8873 ||| PLANNING LAIR
  8873 | D:10     | 8873 ||| READING scroll labelled VOUSIG WISTRUS.
  8890 | Lair:1   | Entered Level 1 of the Lair of Beasts
  8893 | Lair:1   | 8893 ||| INVOKING Heroism.
  9066 | Lair:1   | 9066 ||| INVOKING Heroism.
  9168 | Lair:1   | 9168 ||| INVOKING Heroism.
  9180 | Lair:1   | HP: 23/99 [elephant (13)]
  9185 | Lair:1   | HP: 10/99 [elephant (7)]
  9190 | Lair:1   | HP: 10/99 [water moccasin (1)]
  9191 | Lair:1   | Reached ***** piety under Okawaru
  9192 | Lair:1   | Reached skill level 6 in Invocations
  9196 | Lair:1   | HP: 8/100 [water moccasin (1)]
  9197 | Lair:1   | 9197 ||| INVOKING Heroism.
  9490 | Lair:1   | Noticed an oklob plant
  9491 | Lair:1   | 9491 ||| INVOKING Heroism.
  9502 | Lair:1   | HP: 20/101 [oklob plant/splash of acid (38)]
  9503 | Lair:1   | 9503 ||| READING scroll labelled UNYAPNYOQO.
  9512 | Lair:1   | HP: 17/101 [wolf (6)]
  9513 | Lair:1   | HP: 4/101 [wolf (6)]
  9514 | Lair:1   | Slain by a wolf

Levels and vault maps discovered:
D:1:      heliophobic_arrival_battle_scene, layout_basic
D:2:      layout_basic, small_statue_intersection, minmay_misc_feat_nine_boxes,
          chequers_serial_rivers_large_b, minmay_indecisive_spiral
D:3:      layout_basic, hellmonk_ecumenical_altar_lost_god,
          minmay_misc_feat_pillars, wander_ebering_terrifying_dragon_lair
D:4:      layout_rooms, beargit_hepliaklqana_dungeon_heroes, corner_web_ring
D:5:      layout_loops_ring, minitemple, minmay_temple_entry_crystal_x
D:6:      layout_basic, ebering_ghost_reflecting_pool, interstate_on_off,
          minivault_11, chequers_garden, kennysheep_generic_room_5,
          uniq_crazy_yiuf_cottage
D:7:      layout_cave_pods, amcnicky_mini_rare_corridor_liquid
D:8:      layout_loops_corners, mainiacjoe_overflow_24_doors,
          lemuel_flamethrower_2, uniq_pikel
D:9:      layout_small_grid, old_standard_altar, general_overflow_altar,
          minivault_5
D:10:     layout_loops_ring, amcnicky_altar_gilded, lair_entry_dummy,
          chequers_serial_rivers_micro_b, nicolae_shop_gadgets
Temple:   nicolae_temple_bog_church
Lair:1:   layout_gridlike

Skill      XL: |  1  2  3  4  5  6  7  8  9 10 11 |
---------------+----------------------------------+-----
Ranged Weapons | 5 6 7 8 9 10 12 14 | 14.4
Fighting       | 3 4 5 6 7 8 9 10 | 10.4
Armour         | 1 2 3 |  3.4
Dodging        | 3 4 6 7 8 |  8.0
Invocations    | 4 6 |  6.3
Stealth        | |  0.7

Action                     |  1- 3 |  4- 6 |  7- 9 | 10-12 || total
---------------------------+-------+-------+-------+-------++-------
   Fire: Shortbow          |    30 |       |       |       ||    30
         Sling             |    26 |    75 |   210 |   256 ||   567
 Invoke: Heroism           |       |       |     9 |    10 ||    19
    Use: Scroll            |     7 |     7 |     5 |     2 ||    21
         Potion            |     1 |     1 |     2 |       ||     4
 Armour: Leather armour    |     2 |       |     8 |    41 ||    51
         Ring mail         |       |     2 |    10 |       ||    12
  Dodge: Dodged            |     9 |    10 |    50 |   149 ||   218
  Block: Other             |       |     4 |    19 |    34 ||    57
         Reflection        |       |       |     4 |       ||     4

Table legend:
 A = Non-vault XP
 B = Vault XP
 C = Vault XP percentage of total XP
 D = Non-vault monster count
 E = Vault monster count
 F = Vault count percentage of total count
                 A         B        C        D         E       F
            +---------+---------+-------+---------+---------+-------
      Total |   14610 |     998 |   6.4 |     174 |      10 |   5.4
            +---------+---------+-------+---------+---------+-------
        D:1 |      45 |       0 |   0.0 |      13 |       0 |   0.0
        D:2 |      17 |       6 |  26.1 |       8 |       4 |  33.3
        D:3 |     157 |       1 |   0.6 |      14 |       1 |   6.7
        D:4 |     281 |     162 |  36.6 |      19 |       1 |   5.0
        D:5 |     702 |       0 |   0.0 |      16 |       0 |   0.0
        D:6 |     898 |     178 |  16.5 |      12 |       3 |  20.0
        D:7 |    1406 |       0 |   0.0 |      22 |       0 |   0.0
        D:8 |     427 |     651 |  60.4 |       8 |       1 |  11.1
        D:9 |    3336 |       0 |   0.0 |      26 |       0 |   0.0
       D:10 |    2840 |       0 |   0.0 |      21 |       0 |   0.0
     Lair:1 |    4501 |       0 |   0.0 |      15 |       0 |   0.0
            +---------+---------+-------+---------+---------+-------
